 Dungeon Crawl Stone Soup version 0.30-a0-341-g682706514a (webtiles) character file.

Game seed: 11377905451218754393

97 IdlyInterested the Firebug (level 4, -2/33 (35) HPs)
             Began as a Demonspawn Wanderer on Nov 1, 2022.
             Slain by Crazy Yiuf
             ... wielding a +2 quarterstaff of chaos
              (4 damage)
             ... on level 3 of the Dungeon.
             The game lasted 00:05:33 (2794 turns).

IdlyInterested the Firebug (Demonspawn Wanderer)    Turns: 2794, Time: 00:05:33

HP:   -2/33 (35)    AC: 13    Str: 18    XL:     4   Next: 42%
MP:   5/5           EV:  5    Int: 11    God:
Gold: 194           SH:  0    Dex: 11    Spells: 4/5 levels left

rFire   . . .      SeeInvis .    i - +1 spear (vorpal)
rCold   . . .      Faith    .    (no shield)
rNeg    . . .      Spirit   .    j - +1 plate armour
rPois   .          Reflect  .    (no helmet)
rElec   .          Harm     .    s - +0 cloak
rCorr   .          Rampage  .    (no gloves)
Will    .....                    (no boots)
Stlth   ..........               u - amulet of regeneration
HPRegen 1.05/turn                (no ring)
MPRegen 0.09/turn                (no ring)

@: mighty, flying, hasted, drained, invisible, very quick
A: powered by death 1, powered by pain 1
a: no special abilities


You were on level 3 of the Dungeon.
You visited 1 branch of the dungeon, and saw 3 of its levels.

You collected 194 gold pieces.

Inventory:

Hand Weapons
 i - a +1 vorpal spear (weapon)
 l - a +0 spear
 n - a +0 hand axe
 o - a +0 rapier
 q - a +0 flail
Missiles
 e - 2 poisoned darts (quivered)
 h - a curare-tipped dart
Armour
 b - a +0 scale mail
 j - a +1 plate armour (worn)
 s - a +0 cloak (worn)
Jewellery
 u - an amulet of regeneration (around neck)
Scrolls
 m - a scroll of teleportation
 p - a scroll of fear
 t - a scroll of enchant armour
Potions
 c - a potion of lignification
 d - 2 potions of haste
 f - a potion of invisibility
 g - a potion of resistance {unknown}
 k - a potion of degeneration {unknown}
 r - a potion of flight


   Skills:
 * Level 3.0 Fighting
 - Level 2.6 Maces & Flails
 + Level 2.6 Armour
 - Level 1.0 Spellcasting
 - Level 4.5 Fire Magic


You had 4 spell levels left.
You knew the following spells:

 Your Spells              Type           Power      Damage    Failure   Level
a - Foxfire               Conj/Fire      20%        2x1d5     99%         1

Your spell library contained the following spells:

 Spells                   Type           Power      Damage    Failure   Level
 Scorch                   Fire           20%        2d6       97%         2
 Freeze                   Ice            0%         1d3       100%        1
 Sandblast                Erth           0%         2d4       100%        1
 Blink                    Tloc           0%         N/A       100%        2
 Ensorcelled Hibernation  Hex/Ice        0%         N/A       100%        2
 Momentum Strike          Conj/Tloc      0%         3d8       100%        2
 Passwall                 Tmut/Erth      0%         N/A       100%        2
 Call Canine Familiar     Summ           0%         N/A       100%        3
 Frozen Ramparts          Ice            0%         1d1       100%        3
 Hailstorm                Conj/Ice       0%         3d3       100%        3
 Ignite Poison            Fire/Tmut/Pois 3%         N/A       100%        3
 Kindle Blastsparks       Fire/Tloc/Air  6%         2d10      100%        3
 Lesser Beckoning         Tloc           0%         N/A       100%        3
 Portal Projectile        Hex/Tloc       0%         N/A       100%        3
 Stone Arrow              Conj/Erth      0%         3d7       100%        3
 Swiftness                Air            0%         N/A       100%        3
 Flame Wave               Conj/Fire      5%         2d5       100%        4
 Leda's Liquefaction      Hex/Erth       0%         N/A       100%        4
 Freezing Cloud           Conj/Ice/Air   0%         6-21      100%        5


Dungeon Overview and Level Annotations

Branches:
Dungeon (3/15)

Altars:
Qazlal

Annotations:
D:3 Crazy Yiuf


Innate Abilities, Weirdness & Mutations

You regenerate a little health from kills.
You sometimes gain a little power by taking damage.


Message History

Crazy Yiuf is moderately wounded.
Crazy Yiuf hits you with a +2 quarterstaff of chaos!
Crazy Yiuf freezes you.
You barely miss Crazy Yiuf.
Crazy Yiuf is moderately wounded.
You hit Crazy Yiuf.
Crazy Yiuf is heavily wounded.
Crazy Yiuf completely misses you.
You hit Crazy Yiuf but do no damage.
Crazy Yiuf is heavily wounded.
Crazy Yiuf barely misses you.
You barely miss Crazy Yiuf.
Crazy Yiuf is heavily wounded.
Crazy Yiuf hits you but does no damage.
You feel drained.
You hit Crazy Yiuf but do no damage.
Crazy Yiuf is heavily wounded.
You barely miss Crazy Yiuf.
Crazy Yiuf is heavily wounded.
Crazy Yiuf hits you with a +2 quarterstaff of chaos.
You feel drained.
You closely miss Crazy Yiuf.
Crazy Yiuf is heavily wounded.
Crazy Yiuf hits you with a +2 quarterstaff of chaos!
* * * LOW HITPOINT WARNING * * *
You focus on the pain.
You feel very mighty all of a sudden. Space warps around you.
* * * LOW HITPOINT WARNING * * *
It was a potion of flight.
You feel very buoyant.
You fly up into the air.
You puncture Crazy Yiuf!
Crazy Yiuf is almost dead.
Crazy Yiuf hits you with a +2 quarterstaff of chaos.
* * * LOW HITPOINT WARNING * * *
You closely miss Crazy Yiuf.
Crazy Yiuf is almost dead.
Crazy Yiuf laughs, "Mountain broken pontify!"
Crazy Yiuf hits you with a +2 quarterstaff of chaos.
You die...

#....####.........# #....#
###.......# ############ ♣....♣
####.......# ...........# ♣♣...♣
#..'....>..# ...##.#.#### ♣♣.♣♣
####.......# ......#.#### ♣♣.♣
#..<.......# ....###....# ♣.♣♣
#.#....#.### ......####.# ♣♣.♣
#.#.#..#.... ###.#...##.# ♣@♣♣
#.#.#....... ###..##....# #g#
#.#.#.##.... ..##...##### ...
#.#.#.##.... ..####....## #...#
#.#.......<. ..##.......# #)(.#
#......#.... ..##.......# #####
#####..#.... ..##.......#
#...#..#.... ..##.......######
####......#....
..##........'...###..######.#....


You could see Crazy Yiuf (unable to see you).

Vanquished Creatures
  3 adders
  2 worms
  2 dart slugs
  4 orcs
  6 endoplasms
  A giant cockroach (D:3)
  5 goblins
  3 hobgoblins
  4 jackals (D:2)
  2 quokkas
  3 ball pythons
  6 bats
  5 kobolds
  7 rats
  A spectral kobold (D:1)
54 creatures vanquished.

Notes
Turn   | Place    | Note
-------+----------+-------------------------------------------
     0 | D:1      | IdlyInterested the Demonspawn Wanderer began the quest for
                  | the Orb.
     0 | D:1      | IdlyInterested set off with the following items: a +0 mace,
                  | a +0 scale mail, a potion of lignification; and the
                  | following spell memorised: Foxfire; and the following
                  | spells available to memorise: Scorch, Flame Wave.
     0 | D:1      | Reached XP level 1. HP: 13/13 MP: 2/2
   129 | D:1      | Reached skill level 1 in Fighting
   245 | D:1      | Gained mutation: You regenerate a little health from kills.
                  | [demonic ancestry]
   245 | D:1      | Reached XP level 2. HP: 12/21 MP: 3/3
   447 | D:1      | Found a faded altar of an unknown god.
  1202 | D:2      | Gained mutation: You sometimes gain a little power by
                  | taking damage. [demonic ancestry]
  1202 | D:2      | Reached XP level 3. HP: 22/27 MP: 4/4
  2069 | D:3      | Reached XP level 4. HP: 30/34 MP: 5/5
  2228 | D:3      | Found a stormy altar of Qazlal.
  2587 | D:3      | Found a runed translucent door.
  2588 | D:3      | Noticed Crazy Yiuf
  2793 | D:3      | HP: 1/33 [Crazy Yiuf/+2 quarterstaff of chaos (4)]
  2794 | D:3      | Slain by Crazy Yiuf

Illustrated notes

Levels and vault maps discovered:
D:1:      nzn_arrival_water_spiral, layout_basic,
          dreamdust_ecumenical_altar_drowned_temple, dk_noncrumbling_2
D:2:      layout_basic, basic_altar
D:3:      layout_basic, nicolae_qazlal_scattered_showers,
          minmay_fractal_squares_gapless_5, uniq_crazy_yiuf_cottage

Skill      XL: |  1  2  3  4 |
---------------+-------------+-----
Fighting       | 1 2 3 |  3.0
Armour         | 2 |  2.6
Maces & Flails | |  2.6
Spellcasting   | |  1.0
Fire Magic     | |  4.5

Action                   |  1- 3 |  4- 6 || total
-------------------------+-------+-------++-------
Melee: Mace              |    60 |       ||    60
       Punch             |     1 |       ||     1
       Spear             |    87 |    64 ||   151
Throw: Dart              |       |     3 ||     3
  Use: Scroll            |     3 |     1 ||     4
       Potion            |     1 |     2 ||     3
 Stab: Invisible         |       |     1 ||     1
Armor: Scale mail        |    24 |       ||    24
       Plate armour      |    64 |    57 ||   121
Dodge: Dodged            |    48 |    17 ||    65

Table legend: (Time is in decaauts)
 A = Elapsed time spent in this place.
 B = Non-inter-level travel time spent in this place.
 C = Inter-level travel time spent in this place.
 D = Time resting spent in this place.
 E = Time spent auto-exploring this place.
 F = Levels seen in this place.
 G = Mean time per level.
                   A        B        C        D        E       F      G
               +--------+--------+--------+--------+--------+-----+--------+
         Total |   2816 |   2604 |    212 |     87 |   1880 |   3 |  938.7 |
       Dungeon |   2816 |   2604 |    212 |     87 |   1880 |   3 |  938.7 |
               +--------+--------+--------+--------+--------+-----+--------+

Top non-repeatable levels by time:
     D:1: 1067 daAuts
     D:2: 982 daAuts
     D:3: 766 daAuts
